 Dungeon Crawl Stone Soup version 0.19-a0-1682-g5114f93 (webtiles) character file.

659889 mmcf the Wrestler (level 27, -6/302 HPs)
             Began as a Troll Monk on Sept 21, 2016.
             Was the Champion of Ru.
             Mangled by a reaper
             ... wielding a +3 scythe of flaming
             ... summoned by a mummy priest's death curse
              (20 damage)
             ... on level 2 of the Tomb of the Ancients on Sept 25, 2016.
             The game lasted 03:54:43 (78515 turns).

mmcf the Wrestler (Troll Monk)                     Turns: 78515, Time: 03:54:44

Health: -6/302     AC: 39    Str: 24 (27) XL:     27
Magic:  25/25      EV: 12    Int: 11      God:    Ru [******]
Gold:   3141       SH:  0    Dex: 29      Spells: 7 memorised, 5 levels left

rFire  + + +     SeeInvis +       - Unarmed
rCold  + . .     Gourm    +     w - +12 gold dragon armour
rNeg   + + +     Faith    .     (no shield)
rPois  +         Spirit   .     T - +2 hat of the Morning Star {Int+2}
rElec  .         Dismiss  .     f - +0 cloak of Synchronized Stabbing {rN+ Int-2 SInv}
rCorr  +         Reflect  .     (gloves unavailable)
MR     .....     Harm     .     (boots unavailable)
Stlth  ..........               R - amulet "Butuutux" {Gourm rF+ rN+ Int+3}
                                F - ring "Olearroo" {rCorr rF+ rN+ MR- SInv}
                                a - ring "Loinkux" {rPois rF+ Dex+8}

@: silence, very slightly contaminated, drained
A: unfitting armour, antennae 1, claws 3, clever 1, fast metabolism 3, gourmand,
regeneration 1, shaggy fur 1, tough skin 2, no stealth, inability to use
devices, hated by all, no conjurations magic, no fire magic, no necromancy
magic, magic vulnerability 1
a: Renounce Religion
}: 4/15 runes: decaying, serpentine, silver, abyssal


You were on level 2 of the Tomb of the Ancients.
You worshipped Ru.
Ru was exalted by your worship.
You were hungry.

You visited 11 branches of the dungeon, and saw 50 of its levels.
You visited the Abyss 2 times.
You visited 1 bazaar.
You also visited: Sewer, Bailey, Volcano and Wizlab.

You collected 8676 gold pieces.
You spent 5535 gold pieces at shops.

Inventory:

Hand Weapons
 b - a +2 blowgun
Missiles
 m - 2 javelins of penetration
 s - 120 poisoned needles
 D - 18 curare-tipped needles
 J - 110 large rocks (quivered)
 K - 6 needles of paralysis
 P - 5 needles of confusion
Armour
 f - the +0 cloak of Synchronized Stabbing (worn) {rN+ Int-2 SInv}
   (You found it on level 5 of the Vaults)

   It affects your intelligence (-2).
   It protects you from negative energy.
   It lets you see invisible.
 l - the +1 cloak of Starlight {rElec rC+ EV+4 Stlth--}
   (You found it in a wizard's laboratory)

   It affects your evasion (+4).
   It protects you from cold.
   It insulates you from electricity.
   It makes you much less stealthy.
 w - a +12 gold dragon armour (worn)
 T - the +2 hat of the Morning Star (worn) {Int+2}
   (You acquired it on level 3 of the Vaults)

   It affects your intelligence (+2).
 Z - a +2 cloak of magic resistance
Jewellery
 a - the ring "Loinkux" (left claw) {rPois rF+ Dex+8}
   (You bought it in a shop on level 5 of the Vaults)

   [ring of poison resistance]

   It affects your dexterity (+8).
   It protects you from fire.
   It protects you from poison.
 c - the ring of Begrol {rF++ MR- MP+9 Slay+2 SInv}
   (You found it on level 1 of the Abyss)

   [ring of magical power]

   It affects your accuracy and damage with ranged weapons and melee attacks
   (+2).
   It greatly protects you from fire.
   It affects your resistance to hostile enchantments.
   It affects your magic capacity (+9).
   It lets you see invisible.
 e - an uncursed ring of protection from cold
 i - the ring of Incredulity {rF+ EV+4 Int+3 Slay+2 Stlth-}
   (You took it off a deep elf mage on level 15 of the Dungeon)

   [ring of evasion]

   It affects your evasion (+4).
   It affects your intelligence (+3).
   It affects your accuracy and damage with ranged weapons and melee attacks
   (+2).
   It protects you from fire.
   It makes you less stealthy.
 j - a +3 amulet of reflection
 F - the ring "Olearroo" (right claw) {rCorr rF+ rN+ MR- SInv}
   (You bought it in a shop on level 5 of the Dungeon)

   [ring of resist corrosion]

   It protects you from fire.
   It protects you from negative energy.
   It affects your resistance to hostile enchantments.
   It lets you see invisible.
 L - an uncursed ring of protection from magic
 O - an uncursed ring of protection from fire
 R - the amulet "Butuutux" (around neck) {Gourm rF+ rN+ Int+3}
   (You took it off a deep elf annihilator on level 3 of the Elven Halls)

   [amulet of the gourmand]

   It allows you to eat raw meat even when not hungry.
   It affects your intelligence (+3).
   It protects you from fire.
   It protects you from negative energy.
 W - the ring of Hararre {*Tele rN+ Str+4}
   (You found it on level 5 of the Vaults)

   [ring of teleportation]

   It may teleport you next to monsters.
   It affects your strength (+4).
   It protects you from negative energy.
Scrolls
 g - 9 scrolls of fear
 h - 25 scrolls of remove curse
 p - 10 scrolls of fog
 q - 15 scrolls of identify
 x - a scroll of enchant armour
 A - 5 scrolls of blinking
 C - 15 scrolls of teleportation
 G - a scroll of silence
 I - a scroll of magic mapping
Potions
 d - 32 potions of curing
 k - 10 potions of heal wounds
 n - 5 potions of resistance
 o - 4 potions of berserk rage
 r - 5 potions of might
 t - 5 potions of cancellation
 u - 4 potions of flight
 v - 3 potions of magic
 z - 4 potions of invisibility
 B - 5 potions of brilliance
 E - 4 potions of haste
 N - 8 potions of agility
Comestibles
 y - 16 bread rations
 M - 16 meat rations


   Skills:
 + Level 22.7(22.4) Fighting
 + Level 18.0(17.7) Throwing
 - Level 14.3(14.0) Armour
 - Level 13.2(12.9) Dodging
 + Level 26.2(25.8) Unarmed Combat
 - Level 2.2(2.0) Spellcasting
 - Level 2.4(2.2) Charms
 - Level 4.0(3.7) Translocations
 - Level 2.5(2.2) Air Magic


You had 5 spell levels left.
You knew the following spells:

 Your Spells              Type           Power        Failure   Level  Hunger
a - Blink                 Tloc           N/A          100%        2    ###....
b - Repel Missiles        Chrm/Air       #.....       100%        2    ###....
c - Swiftness             Chrm/Air       #.......     100%        2    ###....
d - Portal Projectile     Tloc           #.....       100%        3    ####...
e - Apportation           Tloc           #.........   99%         1    ##.....
f - Deflect Missiles      Chrm/Air       #.........   100%        6    #######
g - Shatter               Erth           #.........   100%        9    #######


Dungeon Overview and Level Annotations

Branches:
Dungeon (15/15)            Temple (1/1) D:6            Lair (6/6) D:8
  Swamp (4/4) Lair:4        Snake (4/4) Lair:3        Slime (0/5) Lair:6
    Orc (2/2) D:11            Elf (3/3) Orc:2        Vaults (5/5) D:13
  Crypt (3/3) Vaults:2       Tomb (2/3) Crypt:3      Depths (5/5) D:15
    Zot (0/5) Depths:5

Altars:
Ashenzari
Cheibriados
Dithmenos
Elyvilon
Fedhas
Gozag
Hepliaklqana
Kikubaaqudgha
Makhleb
Nemelex Xobeh
Okawaru
Qazlal
Ru
Sif Muna
Trog
Uskayaw
Vehumet
Xom
Yredelemnul
Zin
The Shining One
Beogh
Jiyva
Lugonu

Shops:
D:5 =   D:10 *   D:12 (   Orc:2 *??*?   Elf:2 (   Vaults:1 }   Vaults:2 :*[!
Vaults:3 ??   Vaults:4 }   Vaults:5 =   Depths:3 [([*

Portals:
Hell: Depths:1 Depths:2 Depths:3 Depths:4 Depths:5
Abyss: Depths:2 Depths:4
Pandemonium: Depths:3 Depths:5
Ziggurat: Depths:3
Trove: Depths:2 (give 9 potions of haste)


Innate Abilities, Weirdness & Mutations

You are too large for most types of armour.
You have claws for hands.
Your metabolism is lightning-fast.
You like to eat raw meat.
Your natural rate of healing is unusually fast.
You are covered in fur. (AC +1)
You have very tough skin. (AC +2)
You cannot be stealthy.
You cannot study or use magical devices.
You are hated by all.
You cannot study or cast Conjurations magic.
You cannot study or cast Fire magic.
You cannot study or cast Necromancy magic.
You are slightly vulnerable to magic. (MR-)
You have a pair of small antennae on your head.
Your mind is acute. (Int +2)


Message History

* * * LOW HITPOINT WARNING * * *
You mangle the mummy priest!!
You destroy the mummy priest!
You feel extremely nervous for a moment...
Nothing appears to happen.
The hellwing disappears in a puff of smoke!
The guardian mummy closely misses you. The soul eater barely misses you.
You eviscerate the guardian mummy!!! You claw the guardian mummy.
You destroy the guardian mummy!
You feel extremely nervous for a moment...
Pain shoots through your body.
The reaper hits you from afar with a scythe of flaming!
* * * LOW HITPOINT WARNING * * *
You eviscerate the guardian mummy!!!
You destroy the guardian mummy!
You feel extremely nervous for a moment...
You convulse helplessly as pain tears through your body!
* * * LOW HITPOINT WARNING * * *
The reaper hits you from afar with a scythe of flaming!!
You die...

.......###....#{
.......##.....#{ ..
...........#..###'###
...........##.#..M..#
............#.#.4...#
...<..........#.....#
............#.#.....#
...........##.#§...<#
...........#..#.@...#
.......##....[#§3§§.#
.......###....#§22^.#
........##....#§§§..#
..............#..^8.#
##...##.......###M###
.##)##.....##.#.....#
...........##.#.^...#
..............#.§...#


You could see 2 reapers, 2 mummy priests, a soul eater, an ushabti and a rust
devil.

Vanquished Creatures
  Mennas (Vaults:5)
  Mara (Depths:1)
  A juggernaut (Depths:5)
  5 greater mummies
  2 ancient liches
  Sojobo (Depths:3)
  Frederick (Tomb:1)
  Saint Roka (Vaults:2)
  Vashnia (Snake:2)
  Margery (Vaults:5)
  2 golden dragons
  3 bone dragons
  Jory (Depths:3)
  2 profane servitors
  The ghost of Nattefrost the Slayer, an adept MiBe of Trog (Depths:2)
  7 liches
  Jorgrun (Vaults:2)
  A hellephant (Abyss:1)
  The ghost of shnurlf the Fencer, an adept DsGl of Okawaru (Snake:4)
  3 deep elf blademasters
  A moon troll (WizLab)
  Asterion (Snake:2)
  6 tentacled monstrosities
  5 titans (Vaults:5)
  2 deep elf master archers (Elf:3)
  A quicksilver dragon (WizLab)
  5 ancient champions
  16 tentacled starspawn
  7 sphinxes
  Frances (Swamp:2)
  4 thorn hunters
  Kirke (D:15)
  11 tengu reavers
  4 shadow dragons (Vaults:5)
  Donald (Vaults:4)
  2 draconian monks (Depths:5)
  3 storm dragons
  4 revenants
  5 greater nagas (Snake:4)
  6 fire giants
  6 deep elf sorcerers
  The ghost of ThereIsNoGod the Severer, a journeyman MiGl of Makhleb (Orc:2)
  6 frost giants
  13 vault wardens
  A cacodemon (WizLab)
  14 ghouls
  15 ironheart preservers
  An iron dragon (Vaults:5)
  A curse skull (Depths:2)
  5 deep elf elementalists
  Aizul (Depths:3)
  A draconian annihilator (Depths:5)
  A reaper (Abyss:1)
  An ophan (Abyss:3)
  6 war gargoyles
  16 stone giants
  34 very ugly things
  2 entropy weavers (Vaults:3)
  2 bennus (Tomb:1)
  4 vampire knights
  11 deep elf demonologists
  The ghost of HungrySpirit the Covert, a journeyman OpAs of Okawaru (D:13)
  A red draconian (Depths:5)
  2 white draconians (Depths:5)
  A yellow draconian (Depths:5)
  2 purple draconians (Depths:5)
  31 large abominations
  A dire elephant (Lair:3)
  7 deep elf annihilators
  2 green deaths
  An eidolon (Crypt:3)
  14 ettins
  8 deep elf death magi
  A merfolk javelineer (Depths:3)
  5 crystal guardians
  11 fire dragons
  2 merfolk impalers (Depths:4)
  2 pearl dragon zombies (Crypt:1)
  12 mummy priests
  15 yaktaur captains
  4 jiangshi
  7 ice dragons
  7 great orbs of eyes
  4 deep elf high priests
  5 rakshasas
  Harold (D:10)
  18 naga warriors
  45 vault guards
  Fannar (D:12)
  A catoblepas (Lair:6)
  4 ghost crabs
  A spriggan air mage (Depths:4)
  An alligator snapping turtle (shapeshifter) (Vaults:5)
  4 death knights
  8 centaur warriors
  23 hydras
  15 anacondas
  17 deep troll earth magi
  35 dancing weapons
  6 hell hogs
  The ghost of Potsanchik the Cruncher, a journeyman DEGl of Uskayaw (Lair:1)
  2 hell hogs (shapeshifter)
  4 tengu warriors
  20 ogre magi
  14 death yaks
  10 deep troll shamans
  9 alligators
  5 vampire magi
  21 death scarabs
  4 thrashing horrors
  4 spriggan berserkers
  24 naga sharpshooters
  23 hell knights
  2 titan zombies (Crypt:3)
  7 shock serpents
  3 wretched stars
  28 deep elf knights
  8 soul eaters
  33 skeletal warriors
  A golden dragon zombie (Crypt:1)
  A fire crab (shapeshifter) (D:15)
  2 sixfirhies
  2 iron trolls
  2 shadow wraiths
  A death drake (Abyss:1)
  4 spatial maelstroms
  5 unseen horrors
  3 salamander mystics
  An orange crystal statue (WizLab)
  A storm dragon skeleton (Crypt:1)
  A ghost moth zombie (Tomb:2)
  A shadow demon (Depths:5)
  32 deep trolls
  An anaconda zombie (Abyss:1)
  16 deep elf archers
  6 flayed ghosts
  6 spriggan druids
  12 hill giants
  2 harpies (Vaults:5)
  A deep troll (shapeshifter) (Elf:3)
  9 swamp dragons
  A shadow dragon zombie (Crypt:1)
  5 wizards
  12 naga ritualists
  A harpy (shapeshifter) (Depths:5)
  10 glowing orange brains
  9 phantasmal warriors
  22 ironbrand convokers
  2 lindwurms (shapeshifter)
  2 wolf spider zombies
  12 necromancers
  6 shambling mangroves
  A tengu skeleton (Vaults:1)
  A glowing shapeshifter (Vaults:5)
  13 orc knights
  A human zombie (Vaults:1)
  14 mana vipers
  A mana viper (shapeshifter) (Vaults:2)
  82 deep elf magi
  An orb spider (shapeshifter) (Vaults:5)
  3 wolf spiders
  12 cyclopes
  A shadow dragon skeleton (Crypt:3)
  7 orc sorcerers
  30 elephants
  70 ugly things
  6 hornets
  7 salamanders
  2 manticores
  A shining eye (shapeshifter) (Elf:1)
  A frost giant skeleton (Crypt:1)
  Maurice (D:10)
  A dire elephant zombie (Crypt:3)
  6 eyes of devastation (WizLab)
  17 vault sentinels
  2 spiny frogs (shapeshifter)
  The ghost of tstbtto the Cleaver, a novice MiFi (D:6)
  2 apocalypse crabs (Abyss:3)
  4 apis skeletons (Crypt:1)
  37 black mambas
  A black mamba (shapeshifter) (Elf:1)
  A guardian serpent (shapeshifter) (Vaults:2)
  3 iron dragon skeletons
  40 naga magi
  A molten gargoyle (Depths:3)
  5 guardian serpents
  14 spiny frogs
  5 smoke demons
  An orange demon (Abyss:3)
  A shock serpent skeleton (Abyss:3)
  A centaur skeleton (D:14)
  5 rime drakes
  10 komodo dragons
  A demonic crawler (Abyss:2)
  2 human skeletons
  A harpy zombie (Crypt:2)
  7 freezing wraiths
  An efreet (D:15)
  67 yaktaurs
  3 hellwings
  5 tengu conjurers
  A red devil (Abyss:1)
  15 guardian mummies
  An ice devil (Abyss:1)
  A meliai (shapeshifter) (Depths:2)
  9 trolls
  10 ancient zymes
  A hydra skeleton (Tomb:2)
  A hydra zombie (Crypt:2)
  A moth of wrath zombie (Crypt:2)
  A polar bear (Lair:6)
  2 wind drakes (shapeshifter)
  43 two-headed ogres
  3 jumping spiders (shapeshifter)
  8 tyrant leeches
  11 bog bodies
  7 hippogriffs
  41 slime creatures
  A dream sheep (shapeshifter) (Vaults:1)
  An ice dragon zombie (Crypt:3)
  4 blink frogs (Lair:6)
  An iron dragon simulacrum (Abyss:3)
  19 raiju
  A fire giant simulacrum (Crypt:1)
  4 shadows
  An ettin skeleton (Tomb:2)
  A spriggan (shapeshifter) (Depths:1)
  11 spriggans
  An alligator skeleton (Crypt:3)
  42 flying skulls
  A satyr skeleton (Crypt:2)
  4 air elementals
  A black mamba zombie (Crypt:1)
  A tarantella (shapeshifter) (Depths:3)
  8 redbacks
  14 water elementals
  4 vampires
  6 ynoxinuls
  2 fire elementals (Elf:3)
  4 wyverns
  14 ushabtiu
  A hog (Volcano)
  3 humans (D:15)
  A steam dragon (D:8)
  4 wraiths
  44 yaks
  3 fire bats (Abyss:3)
  3 basilisks
  A human (shapeshifter) (Abyss:3)
  8 hungry ghosts
  8 neqoxecs
  Grum (D:11)
  9 chaos spawn
  19 golden eyes
  9 vampire mosquitoes
  Menkaure (D:7)
  3 mottled dragons
  8 wargs
  17 swamp worms
  6 insubstantial wisps
  5 spatial vortices
  54 nagas
  25 small abominations
  2 soldier ants
  6 hell hounds
  A floating eye (Depths:2)
  8 water moccasins
  An infernal demonspawn skeleton (Crypt:2)
  9 porcupines
  39 orc warriors
  20 wasps
  2 phantoms
  13 swamp drakes
  An elephant zombie (Crypt:1)
  A swamp dragon zombie (Tomb:2)
  4 ice beasts
  78 ogres
  Purgy (Sewer)
  4 eyes of draining
  A spiny frog skeleton (Abyss:3)
  A tengu (shapeshifter) (Vaults:5)
  2 dream sheep skeletons
  6 sky beasts
  16 boggarts
  A black bear (Lair:6)
  9 necrophages
  9 wolves
  39 centaurs
  A manticore skeleton (Tomb:1)
  14 crocodiles
  5 big kobolds (D:11)
  A big kobold (shapeshifter) (Depths:3)
  A snapping turtle skeleton (Crypt:3)
  18 bullfrogs
  3 gnoll sergeants
  3 earth elementals (Elf:3)
  A wyvern skeleton (D:14)
  4 scorpions
  The ghost of braks the Stinger, a weakling NaVM (D:3)
  11 killer bees
  A troll skeleton (Crypt:1)
  A wight (Abyss:3)
  An electric eel (Lair:1)
  2 howler monkeys
  12 crimson imps
  46 starcursed masses
  5 bullfrog zombies
  3 hounds
  6 jellies
  4 quasits
  5 centaur zombies
  22 orc priests
  A basilisk skeleton (Crypt:2)
  4 iron imps
  3 bullfrog skeletons
  10 iguanas
  Ijyb (D:2)
  Terence (D:2)
  38 orc wizards
  Natasha (thrice) (D:2)
  11 worker ants
  A dwarf zombie (Crypt:1)
  A demigod zombie (Crypt:2)
  A naga skeleton (Crypt:3)
  A hound zombie (D:7)
  41 mummies
  A worker ant zombie (D:6)
  8 gnolls
  A howler monkey skeleton (D:9)
  6 adders
  44 river rats
  4 shadow imps
  4 white imps
  3 ufetubi
  An ooze (D:3)
  An adder zombie (D:6)
  An adder skeleton (D:7)
  4 worms
  3 dart slugs
  9 leopard geckos
  131 orcs
  12 bats
  8 giant cockroaches
  9 goblins
  4 hobgoblins
  8 jackals
  3 ball pythons
  2 ball python skeletons
  5 frilled lizards
  A jackal skeleton (D:7)
  8 kobolds
  A leopard gecko skeleton (D:4)
  8 rats
  7 briar patches
  A demonic plant (WizLab)
  7 fungi
  7 plants
  18 starspawn tentacles
  3 tentacles (Abyss:3)
2935 creatures vanquished.

Vanquished Creatures (others)
  A tentacled monstrosity (Vaults:5)
  A kraken (Abyss:3)
  2 sphinxes
  A daeva (Abyss:1)
  A revenant (Tomb:2)
  2 fire giants
  An ironheart preserver (Vaults:5)
  A very ugly thing (Depths:2)
  A deep elf death mage (Elf:1)
  A crystal guardian (Crypt:3)
  A merfolk javelineer (Depths:4)
  A vault guard (Vaults:2)
  A jiangshi (Crypt:2)
  3 hydras
  A centaur warrior (Vaults:2)
  A death scarab (Tomb:2)
  A deep elf knight (Elf:2)
  A spriggan (Swamp:4)
  A shadow wraith (Vaults:5)
  A fire crab (Abyss:3)
  A deep troll (Vaults:3)
  A deep elf archer (Elf:1)
  A necromancer (D:15)
  A swamp dragon (Swamp:1)
  An orc knight (Vaults:3)
  2 deep elf magi
  2 harpies
  A mana viper (Snake:2)
  2 ugly things
  An elephant (Lair:3)
  A naga mage (D:14)
  A tengu conjurer (D:15)
  A yaktaur (Vaults:4)
  2 two-headed ogres
  A slime creature (Swamp:4)
  An ushabti (Tomb:2)
  A vampire mosquito (Swamp:3)
  A harpy simulacrum (Tomb:2)
  A swamp worm (Swamp:4)
  A soldier ant (D:15)
  A water moccasin (Lair:2)
  An orc warrior (Orc:2)
  A swamp drake (Swamp:4)
  A wasp (Swamp:4)
  An ogre (Vaults:5)
  A boggart (Depths:1)
  3 centaurs
  A small abomination (Depths:4)
  A bullfrog (D:15)
  2 starcursed masses (Abyss:2)
  2 orc wizards
  An iguana (D:10)
  2 mummies (Tomb:2)
  An ufetubus (Abyss:3)
  3 orcs
  53 fungi
  A lurking horror (Abyss:1)
  17 plants
  30 starspawn tentacles
  3 tentacles (Abyss:3)
174 creatures vanquished.

Grand Total: 3109 creatures vanquished

Notes
Turn   | Place    | Note
-------+----------+-------------------------------------------
     0 | D:1      | mmcf the Troll Monk began the quest for the Orb.
     0 | D:1      | Reached XP level 1. HP: 22/22 MP: 0/0
    70 | D:1      | Reached XP level 2. HP: 25/29 MP: 1/1
   245 | D:1      | Reached skill level 4 in Unarmed Combat
   371 | D:1      | Reached XP level 3. HP: 36/36 MP: 2/2
   662 | D:3      | Noticed braks's ghost (weakling NaVM)
   679 | D:3      | Killed braks's ghost
   679 | D:3      | Reached skill level 5 in Unarmed Combat
   679 | D:3      | Reached XP level 4. HP: 32/44 MP: 3/3
   699 | D:3      | Found a glowing drain.
   724 | Sewer    | Entered a sewer
   820 | Sewer    | Noticed Purgy
   841 | Sewer    | Killed Purgy
   841 | Sewer    | Reached skill level 6 in Unarmed Combat
   841 | Sewer    | Reached XP level 5. HP: 22/50 MP: 4/4
  1113 | D:2      | Noticed Natasha
  1120 | D:2      | Killed Natasha
  1145 | D:2      | Noticed Ijyb
  1148 | D:2      | Noticed Natasha
  1159 | D:2      | Killed Ijyb
  1166 | D:2      | Killed Natasha
  1173 | D:2      | Reached XP level 6. HP: 52/59 MP: 5/5
  1390 | D:2      | Noticed Terence
  1398 | D:2      | Killed Terence
  1434 | D:2      | Noticed Natasha
  1436 | D:2      | Killed Natasha
  1436 | D:2      | Reached skill level 7 in Unarmed Combat
  1853 | D:3      | Found a shattered altar of Ashenzari.
  1971 | D:3      | Found a faded altar of an unknown god.
  2063 | D:3      | Found a white marble altar of Elyvilon.
  2071 | D:3      | Upgraded the game from 0.19-a0-1654-g9d3f708 to 0.19-a0-1682-g5114f93
  2311 | D:4      | Noticed a hungry ghost
  2321 | D:4      | Killed a hungry ghost
  2331 | D:5      | Entered Level 5 of the Dungeon
  2472 | D:4      | Reached XP level 7. HP: 62/66 MP: 6/6
  2656 | D:4      | Got a flickering jade ring
  2657 | D:4      | Identified the ring of the Salamander {+Fly rElec MR- AC+4 Int+2} (You found it on level 4 of the Dungeon)
  3143 | D:5      | Noticed a yak
  3145 | D:5      | Noticed a yak
  3145 | D:5      | Noticed a yak
  3146 | D:5      | Noticed a yak
  3147 | D:5      | Noticed a yak
  3177 | D:4      | Killed a yak
  3177 | D:4      | Reached skill level 8 in Unarmed Combat
  3227 | D:5      | Killed a yak
  3236 | D:5      | Killed a yak
  3236 | D:5      | Reached XP level 8. HP: 36/78 MP: 7/7
  3241 | D:5      | Reached skill level 9 in Unarmed Combat
  3406 | D:5      | Found Unyfuace's Jewellery Emporium.
  3766 | D:5      | Found a bloodstained altar of Trog.
  4189 | D:6      | Found a sacrificial altar of Ru.
  4191 | D:6      | Found a radiant altar of Vehumet.
  4192 | D:6      | Found a snail-covered altar of Cheibriados.
  4195 | D:6      | Became a worshipper of Ru the Awakened
  4197 | D:6      | Gained mutation: You are hated by all. [Ru sacrifice]
  4197 | D:6      | Reached * piety under Ru
  4220 | D:6      | Found an iron altar of Okawaru.
  4236 | D:6      | Reached XP level 9. HP: 55/87 MP: 8/8
  4249 | D:6      | Reached skill level 5 in Dodging
  4358 | D:6      | Reached skill level 5 in Fighting
  4381 | D:6      | Reached skill level 10 in Unarmed Combat
  4721 | D:6      | Noticed tstbtto's ghost (novice MiFi)
  4738 | D:6      | Killed tstbtto's ghost
  4738 | D:6      | Reached skill level 1 in Throwing
  4758 | D:6      | Found a staircase to the Ecumenical Temple.
  4809 | Temple   | Entered the Ecumenical Temple
  5029 | D:6      | Noticed a troll
  5037 | D:6      | Killed a troll
  5064 | D:6      | Got an iridescent dagger
  5065 | D:6      | Identified the +6 dagger of the Spinneret {drain, Str+3 Int+5} (You found it on level 6 of the Dungeon)
  5480 | D:7      | Noticed Menkaure
  5485 | D:7      | Killed Menkaure
  5560 | D:8      | Found a staircase to the Lair.
  5847 | D:7      | Reached XP level 10. HP: 100/100 MP: 9/9
  6190 | D:8      | Gained mutation: You cannot study or cast Fire magic. [Ru sacrifice]
  6190 | D:8      | Gained mutation: You cannot study or cast Necromancy magic. [Ru sacrifice]
  6190 | D:8      | Gained mutation: You cannot study or cast Conjurations magic. [Ru sacrifice]
  6190 | D:8      | Reached ** piety under Ru
  6349 | D:8      | Found a sparkling altar of Nemelex Xobeh.
  6635 | D:9      | Found a flagged portal.
  6662 | Bailey   | Entered a bailey
  7202 | Bailey   | Noticed an orc knight
  7266 | Bailey   | Killed an orc knight
  7388 | Bailey   | Noticed an orc knight
  7413 | Bailey   | Killed an orc knight
  7594 | Bailey   | Noticed an orc knight
  7605 | Bailey   | Killed an orc knight
  7672 | Bailey   | Noticed an orc knight
  7672 | Bailey   | Noticed an orc knight
  7821 | D:8      | Found a basalt altar of Yredelemnul.
  8344 | D:8      | Found a shadowy altar of Dithmenos.
  8530 | D:9      | Reached XP level 11. HP: 108/111 MP: 10/10
  8565 | D:10     | Entered Level 10 of the Dungeon
  8599 | D:9      | Reached skill level 1 in Armour
  8612 | D:9      | Gained mutation: You cannot be stealthy. [Ru sacrifice]
  8612 | D:9      | Reached *** piety under Ru
  8659 | D:9      | Found a hide-covered altar of Uskayaw.
  8703 | D:9      | Learned a level 2 spell: Blink
  8706 | D:9      | Learned a level 2 spell: Repel Missiles
  8841 | D:10     | Noticed Maurice
  8851 | D:10     | Killed Maurice
  8851 | D:10     | Reached skill level 11 in Unarmed Combat
  8883 | D:9      | Found a stormy altar of Qazlal.
  9133 | D:9      | Found a deep blue altar of Sif Muna.
  9680 | Lair:1   | Entered Level 1 of the Lair of Beasts
  9855 | Lair:2   | Reached skill level 1 in Translocations
 10100 | Lair:1   | Noticed Potsanchik's ghost (journeyman DEGl)
 10272 | Lair:1   | Killed Potsanchik's ghost
 10610 | Lair:1   | Gained mutation: You are slightly vulnerable to magic. (MR-) [Ru sacrifice]
 10610 | Lair:1   | Reached **** piety under Ru
 10741 | Lair:1   | Reached XP level 12. HP: 112/123 MP: 11/11
 11090 | Lair:3   | Noticed a death yak
 11093 | Lair:3   | Noticed a seven-headed hydra
 11094 | Lair:3   | Noticed a death yak
 11096 | Lair:3   | Noticed a death yak
 11097 | Lair:3   | Noticed a death yak
 11123 | Lair:3   | Found a staircase to the Snake Pit.
 11127 | Lair:3   | Reached skill level 12 in Unarmed Combat
 11208 | Lair:3   | Reached skill level 5 in Armour
 11246 | Lair:3   | Found a dark tunnel.
 11254 | Volcano  | Entered a volcano
 11884 | Lair:2   | Noticed a four-headed hydra
 11925 | Lair:2   | Killed a ten-headed hydra
 12206 | Lair:2   | Reached skill level 10 in Fighting
 12418 | Lair:3   | Noticed a five-headed hydra
 12894 | Lair:2   | Learned a level 2 spell: Swiftness
 13836 | D:10     | Noticed Harold
 13860 | D:10     | Killed Harold
 13860 | D:10     | Reached skill level 13 in Unarmed Combat
 13860 | D:10     | Reached XP level 13. HP: 118/133 MP: 12/12
 14142 | D:10     | Found Intemm's General Store.
 14152 | D:10     | Bought a potion of beneficial mutation for 455 gold pieces
 14152 | D:10     | Gained mutation: You are robust. (+10% HP) [potion of beneficial mutation]
 14153 | D:10     | Gained mutation: Your muscles are strong. (Str +2) [potion of beneficial mutation]
 14383 | D:11     | Reached XP level 14. HP: 158/158 MP: 12/16
 14493 | D:11     | Found a shadowy altar of Dithmenos.
 14526 | D:11     | Noticed Grum
 14540 | D:11     | Killed Grum
 14789 | D:11     | Found a staircase to the Orcish Mines.
 15045 | D:11     | Identified the Volume of the Jackalope
 15409 | Lair:2   | Learned a level 3 spell: Portal Projectile
 15411 | Lair:2   | Learned a level 1 spell: Apportation
 15426 | Lair:2   | Identified a scroll of acquirement
 16554 | Lair:3   | Got a slimy storm dragon armour
 16565 | Lair:3   | Identified the +6 storm dragon armour of Kaqutyro {rElec Int+4 Stlth+} (You acquired it on level 3 of the Lair of Beasts)
 17248 | Lair:4   | Reached skill level 5 in Throwing
 17479 | Lair:4   | Reached skill level 14 in Unarmed Combat
 17549 | Lair:4   | Found a staircase to the Swamp.
 17985 | Lair:6   | Entered Level 6 of the Lair of Beasts
 18104 | Lair:6   | Found a viscous altar of Jiyva.
 18119 | Lair:6   | Found a staircase to the Slime Pits.
 18308 | Lair:5   | Gained mutation: Your spells are a little harder to cast, but a little more powerful. [potion of beneficial mutation]
 18362 | Lair:6   | Gained mutation: You cannot study or use magical devices. [Ru sacrifice]
 18362 | Lair:6   | Reached ***** piety under Ru
 18362 | Lair:6   | Reached ****** piety under Ru
 19335 | Lair:6   | Reached XP level 15. HP: 132/169 MP: 17/17
 20419 | Orc:1    | Entered Level 1 of the Orcish Mines
 21079 | Orc:2    | Entered Level 2 of the Orcish Mines
 21134 | Orc:2    | Noticed ThereIsNoGod's ghost (journeyman MiGl)
 21171 | Orc:2    | Killed ThereIsNoGod's ghost
 21393 | Orc:2    | Found Syrhea's Assorted Antiques.
 21846 | Orc:2    | Found Hucaluh's Magic Scroll Emporium.
 21846 | Orc:2    | Found Namet's Assorted Antiques.
 21847 | Orc:2    | Found Emumaa's Magic Scroll Boutique.
 21847 | Orc:2    | Found Wifar's Magic Scroll Shoppe.
 21947 | Orc:2    | Bought a scroll labeled KIEPLOR DAHUEGGY for 24 gold pieces
 22023 | Orc:2    | Found a staircase to the Elven Halls.
 22329 | Orc:2    | Bought a scroll of fear for 49 gold pieces
 22329 | Orc:2    | Bought a scroll of identify for 28 gold pieces
 22329 | Orc:2    | Bought a scroll of magic mapping for 49 gold pieces
 22331 | Orc:2    | Bought a scroll of blinking for 180 gold pieces
 22332 | Orc:2    | Bought a scroll of fog for 30 gold pieces
 22332 | Orc:2    | Bought a scroll of teleportation for 45 gold pieces
 22332 | Orc:2    | Bought a scroll of teleportation for 45 gold pieces
 22333 | Orc:2    | Bought a scroll of teleportation for 39 gold pieces
 22333 | Orc:2    | Bought a scroll of fear for 45 gold pieces
 22333 | Orc:2    | Bought a scroll of fear for 45 gold pieces
 22334 | Orc:2    | Bought a scroll of fog for 28 gold pieces
 22334 | Orc:2    | Bought a scroll of fog for 28 gold pieces
 22666 | D:5      | Bought an uncursed amulet of guardian spirit for 390 gold pieces
 23514 | D:12     | Noticed Fannar
 23539 | D:12     | Killed Fannar
 24288 | D:12     | Found a roughly hewn altar of Beogh.
 24402 | D:12     | Found Ziuhip's Antique Weapon Boutique.
 24570 | D:13     | Noticed HungrySpirit's ghost (journeyman OpAs)
 24592 | D:13     | Killed HungrySpirit's ghost
 24857 | D:14     | Reached XP level 16. HP: 181/183 MP: 18/18
 25071 | D:13     | Found a gate to the Vaults.
 25111 | D:13     | Reached skill level 15 in Unarmed Combat
 25532 | D:15     | Entered Level 15 of the Dungeon
 25665 | D:15     | Noticed Kirke
 25752 | D:15     | Killed Kirke
 25824 | D:14     | Reached skill level 10 in Armour
 25872 | D:14     | Identified the Volume of Air and Dark Secrets
 25884 | D:14     | Paralysed by an orc sorcerer for 6 turns
 26387 | D:14     | Identified Kouwnoma's Guide on Mutagenic Evil Secrets
 26396 | D:14     | Learned a level 6 spell: Deflect Missiles
 26408 | D:14     | Identified the Guide on Creative Stones
 26421 | D:14     | Found a deep blue altar of Sif Muna.
 26451 | D:14     | Cast into level 2 of the Abyss (a deep elf sorcerer)
 26497 | D:14     | Escaped the Abyss
 26517 | D:14     | Identified the Compendium of Quantum Flight
 26531 | D:14     | Identified the Volume of Sinister Attacks
 27063 | D:15     | Got a shimmering lead ring
 27448 | D:15     | Found a staircase to the Depths.
 27479 | D:15     | Reached skill level 16 in Unarmed Combat
 27761 | D:15     | Reached XP level 17. HP: 164/196 MP: 15/19
 28323 | Lair:2   | Identified the ring of Incredulity {rF+ EV+4 Int+3 Slay+2 Stlth-} (You took it off a deep elf mage on level 15 of the Dungeon)
 28352 | Snake:1  | Entered Level 1 of the Snake Pit
 30148 | Snake:2  | Noticed Asterion
 30169 | Snake:2  | Killed Asterion
 30315 | Snake:2  | Noticed Vashnia
 30364 | Snake:2  | Killed Vashnia
 30920 | Snake:2  | Reached skill level 17 in Unarmed Combat
 31213 | Snake:3  | Reached skill level 10 in Throwing
 31264 | Snake:4  | Entered Level 4 of the Snake Pit
 32511 | Snake:4  | Reached XP level 18. HP: 169/210 MP: 20/20
 32961 | Snake:4  | Reached skill level 15 in Fighting
 33509 | Snake:4  | Noticed shnurlf's ghost (adept DsGl)
 34376 | Snake:4  | Killed shnurlf's ghost
 34376 | Snake:4  | Reached skill level 10 in Dodging
 34539 | Snake:4  | Reached skill level 18 in Unarmed Combat
 34970 | Snake:4  | Got a serpentine rune of Zot
 35262 | Swamp:1  | Entered Level 1 of the Swamp
 36212 | Swamp:2  | Noticed Frances
 36222 | Swamp:2  | Killed Frances
 36900 | Swamp:3  | Reached XP level 19. HP: 211/224 MP: 21/21
 37095 | Swamp:4  | Entered Level 4 of the Swamp
 38755 | Swamp:4  | HP: 10/224 [seven-headed hydra (11)]
 38755 | Swamp:4  | HP: 3/224 [seven-headed hydra (4)]
 39785 | Swamp:4  | Got a decaying rune of Zot
 40411 | Elf:1    | Entered Level 1 of the Elven Halls
 40933 | Elf:1    | Reached skill level 19 in Unarmed Combat
 41524 | Elf:1    | Gained mutation: Armour fits poorly on your strangely shaped body. [a shining eye]
 42449 | Lair:2   | Lost mutation: Your spells are a little harder to cast, but a little more powerful. [potion of cure mutation]
 42449 | Lair:2   | Lost mutation: You are robust. (+10% HP) [potion of cure mutation]
 42449 | Lair:2   | Lost mutation: Your muscles are strong. (Str +2) [potion of cure mutation]
 42449 | Lair:2   | Lost mutation: Armour fits poorly on your strangely shaped body. [potion of cure mutation]
 43015 | Elf:2    | Found Qirarok's Weapon Shop.
 43102 | Elf:3    | Entered Level 3 of the Elven Halls
 43475 | Elf:2    | Found a runed gate.
 43475 | Elf:2    | Found a runed gate.
 43491 | Elf:2    | Found a runed gate.
 43929 | Elf:2    | Reached XP level 20. HP: 88/215 MP: 22/22
 46089 | Elf:3    | Got a scintillating granite ring
 46329 | Elf:3    | Reached skill level 20 in Unarmed Combat
 47144 | Elf:3    | Got a fine copper amulet
 47299 | Elf:3    | Identified the amulet "Butuutux" {Gourm rF+ rN+ Int+3} (You took it off a deep elf annihilator on level 3 of the Elven Halls)
 47300 | Elf:3    | Identified the ring of Day {rF+ Dex+5} (You took it off a deep elf demonologist on level 3 of the Elven Halls)
 47872 | Vaults:1 | Entered Level 1 of the Vaults
 48732 | Vaults:1 | Found Canujo's Gadget Emporium.
 48740 | Vaults:1 | Reached XP level 21. HP: 197/227 MP: 23/23
 49312 | Vaults:2 | Found Puuvvat's Book Emporium.
 49357 | Vaults:2 | Noticed Jorgrun
 49368 | Vaults:2 | Killed Jorgrun
 49427 | Vaults:2 | Found a flickering gateway to a bazaar.
 49437 | Bazaar   | Entered a bazaar
 49442 | Bazaar   | Found Weenised's Antique Armour Boutique.
 49446 | Bazaar   | Found Buagaug's Antique Weapon Boutique.
 49446 | Bazaar   | Found Wodghim's Distillery.
 49446 | Bazaar   | Found Orissoesch's Weapon Boutique.
 49488 | Bazaar   | Bought 2 potions of curing for 72 gold pieces
 49488 | Bazaar   | Bought a potion of curing for 36 gold pieces
 49488 | Bazaar   | Bought a potion of heal wounds for 60 gold pieces
 49488 | Bazaar   | Bought 3 potions of cancellation for 288 gold pieces
 49488 | Bazaar   | Bought a potion of heal wounds for 60 gold pieces
 49488 | Bazaar   | Bought a potion of curing for 36 gold pieces
 49488 | Bazaar   | Bought a potion of cure mutation for 300 gold pieces
 49733 | Vaults:2 | Found Addiule's General Store.
 51113 | Vaults:2 | Found Lastrilih's Distillery.
 51122 | Vaults:2 | Bought 2 potions of heal wounds for 170 gold pieces
 51173 | Vaults:2 | Found Xuijizec's Armour Shoppe.
 51398 | Vaults:2 | Found a staircase to the Crypt.
 51426 | Vaults:2 | Noticed Saint Roka
 51465 | Vaults:2 | Killed Saint Roka
 51902 | Vaults:2 | Reached skill level 21 in Unarmed Combat
 52407 | Vaults:3 | Found Sicasuew's Magic Scroll Boutique.
 52412 | Vaults:3 | Bought a scroll of enchant armour for 135 gold pieces
 52412 | Vaults:3 | Bought a scroll of fear for 63 gold pieces
 52509 | Vaults:3 | Paralysed by a great orb of eyes for 2 turns
 52647 | Vaults:3 | Paralysed by a great orb of eyes for 7 turns
 53368 | Vaults:3 | Reached XP level 22. HP: 218/239 MP: 24/24
 53638 | Vaults:3 | Found Qijaung's Magic Scroll Emporium.
 53646 | Vaults:3 | Bought a scroll of enchant armour for 135 gold pieces
 53646 | Vaults:3 | Bought a scroll of enchant armour for 135 gold pieces
 53646 | Vaults:3 | Bought a scroll of enchant armour for 135 gold pieces
 53646 | Vaults:3 | Bought a scroll of enchant armour for 135 gold pieces
 53646 | Vaults:3 | Bought a scroll of acquirement for 936 gold pieces
 53656 | Vaults:3 | Got a smoking hat
 53667 | Vaults:3 | Identified the +2 hat of the Morning Star {Int+2} (You acquired it on level 3 of the Vaults)
 54149 | Vaults:4 | Found Voje's Gadget Emporium.
 54246 | Vaults:4 | Noticed Donald
 54257 | Vaults:4 | Killed Donald
 55171 | Depths:1 | Entered Level 1 of the Depths
 55178 | Depths:1 | Noticed Mara
 55191 | Depths:1 | Noticed mmcf's illusion
 55216 | Depths:1 | Killed Mara
 56283 | Vaults:5 | Entered Level 5 of the Vaults
 56370 | Vaults:4 | HP: 2/241 [tengu reaver/bolt of lightning (24)]
 57007 | Depths:1 | Reached skill level 22 in Unarmed Combat
 57103 | Depths:1 | Found a gateway to Hell.
 58092 | Vaults:4 | Reached XP level 23. HP: 152/252 MP: 25/25
 58984 | Vaults:5 | Found Muevive Ilixt's Jewellery Shop.
 59257 | Vaults:5 | Bought the ring "Loinkux" {rPois rF+ Dex+8} for 863 gold pieces
 59504 | Vaults:5 | Got a dazzling cloak
 59515 | Vaults:5 | Identified the +0 cloak of Synchronized Stabbing {rN+ Int-2 SInv} (You found it on level 5 of the Vaults)
 59699 | Vaults:5 | Noticed Margery
 59712 | Vaults:5 | Killed Margery
 59822 | Vaults:5 | Got a silver rune of Zot
 60117 | Vaults:5 | Noticed Mennas
 60148 | Vaults:5 | Killed Mennas
 60272 | Vaults:5 | Got a brightly glowing silver ring
 60399 | Vaults:5 | Identified the ring of Hararre {*Tele rN+ Str+4} (You found it on level 5 of the Vaults)
 60484 | Vaults:4 | Reached skill level 23 in Unarmed Combat
 60764 | D:15     | Reached XP level 24. HP: 251/263 MP: 25/25
 61133 | Depths:3 | Noticed Aizul
 61138 | Depths:3 | Killed Aizul
 61189 | Depths:2 | Noticed Nattefrost's ghost (adept MiBe)
 61192 | Depths:2 | Paralysed by something for 3 turns
 61223 | Depths:2 | Killed Nattefrost's ghost
 61343 | Depths:2 | Found a corrupted altar of Lugonu.
 61343 | Depths:2 | Found a one-way gate to the infinite horrors of the Abyss.
 61355 | Depths:2 | Paralysed by a floating eye for 4 turns
 61471 | Depths:2 | Found a shimmering altar of Xom.
 61487 | Depths:2 | Found a portal to a secret trove of treasure.
 61976 | Depths:3 | Noticed Sojobo
 61980 | Depths:3 | Killed Sojobo
 62420 | Depths:3 | Found Vurgha's Antique Armour Boutique.
 62597 | Depths:3 | Found Firioff's Assorted Antiques.
 62889 | Depths:3 | Found Oniele's Weapon Shop.
 62927 | Depths:3 | Found a one-way gate leading to the halls of Pandemonium.
 63199 | Depths:3 | Found a gateway to a ziggurat.
 63443 | Depths:3 | Found Plog's Armour Emporium.
 63691 | Depths:3 | Noticed Jory
 63701 | Depths:3 | Killed Jory
 64184 | Depths:4 | Found a shattered altar of Ashenzari.
 64276 | Depths:4 | Identified the Compendium of the Evil Oath
 64317 | Depths:5 | Entered Level 5 of the Depths
 65442 | Depths:5 | Reached XP level 25. HP: 210/275 MP: 25/25
 65626 | Depths:5 | Noticed a juggernaut
 65638 | Depths:5 | Killed a juggernaut
 65683 | Depths:5 | Reached skill level 24 in Unarmed Combat
 66100 | Depths:5 | Found a gate to the Realm of Zot.
 66285 | Depths:4 | Voluntarily entered the Abyss.
 66435 | Abyss:1  | Paralysed by accursed screaming for 1 turns
 67108 | Abyss:1  | Noticed an ancient lich
 67122 | Abyss:1  | Killed an ancient lich
 67224 | Abyss:1  | Got a faintly glowing pewter ring
 67225 | Abyss:1  | Identified the ring of Begrol {rF++ MR- MP+9 Slay+2 SInv} (You found it on level 1 of the Abyss)
 67316 | Abyss:2  | Found a corrupted altar of Lugonu.
 67601 | Abyss:2  | Paralysed by accursed screaming for 1 turns
 67607 | Abyss:2  | Paralysed by accursed screaming for 1 turns
 67621 | Abyss:2  | Paralysed by accursed screaming for 1 turns
 67766 | Abyss:2  | Reached skill level 15 in Throwing
 67783 | Abyss:3  | Found a corrupted altar of Lugonu.
 68039 | Abyss:3  | Gained mutation: Your magical capacity is low. (-10% MP) [a neqoxec]
 68091 | Abyss:3  | Paralysed by accursed screaming for 1 turns
 68107 | Abyss:3  | Gained mutation: You are clumsy. (Dex -2) [a neqoxec]
 68108 | Abyss:3  | Gained mutation: You are dopey. (Int -2) [a neqoxec]
 68114 | Abyss:3  | Gained mutation: You are frail. (-10% HP) [a neqoxec]
 68192 | Abyss:3  | Gained mutation: You expend magic power (3 MP) to strengthen your wands. [a neqoxec]
 68218 | Abyss:3  | Lost mutation: Your magical capacity is low. (-10% MP) [potion of cure mutation]
 68218 | Abyss:3  | Lost mutation: You are clumsy. (Dex -2) [potion of cure mutation]
 68218 | Abyss:3  | Lost mutation: You expend magic power (3 MP) to strengthen your wands. [potion of cure mutation]
 68218 | Abyss:3  | Lost mutation: You are frail. (-10% HP) [potion of cure mutation]
 68399 | Abyss:3  | Found a corrupted altar of Lugonu.
 68553 | Abyss:3  | Got an abyssal rune of Zot
 68687 | Abyss:3  | Found a corrupted altar of Lugonu.
 68758 | Depths:4 | Escaped the Abyss
 69311 | Crypt:1  | Entered Level 1 of the Crypt
 69395 | Crypt:2  | Reached XP level 26. HP: 231/288 MP: 25/25
 69463 | Crypt:1  | Found a magical portal.
 69496 | WizLab   | Entered Lehudib's Moon Base
 69762 | WizLab   | Gained mutation: Armour fits poorly on your strangely shaped body. [a cacodemon]
 69808 | WizLab   | Paralysed by a great orb of eyes for 3 turns
 70150 | WizLab   | Reached skill level 25 in Unarmed Combat
 71214 | WizLab   | Identified Lehudib's Papyrus of Displaced Earth
 71226 | WizLab   | Learned a level 9 spell: Shatter
 71298 | Crypt:1  | Lost mutation: Armour fits poorly on your strangely shaped body. [potion of cure mutation]
 71298 | Crypt:1  | Lost mutation: You are dopey. (Int -2) [potion of cure mutation]
 71299 | Crypt:1  | Gained mutation: You have a pair of small antennae on your head. [potion of beneficial mutation]
 72111 | Crypt:1  | Found a basalt altar of Yredelemnul.
 72558 | Crypt:3  | Entered Level 3 of the Crypt
 73588 | Crypt:3  | Found a basalt altar of Yredelemnul.
 73589 | Crypt:3  | Noticed an ancient lich
 73601 | Crypt:3  | Killed an ancient lich
 73875 | Crypt:3  | Reached XP level 27. HP: 300/300 MP: 25/25
 74924 | D:5      | Bought the ring "Olearroo" {rCorr rF+ rN+ MR- SInv} for 496 gold pieces
 75494 | Crypt:3  | Found a staircase to the Tomb.
 75504 | Tomb:1   | Entered Level 1 of the Tomb of the Ancients
 75568 | Tomb:1   | Noticed Frederick
 75579 | Tomb:1   | Killed Frederick
 75580 | Tomb:1   | Gained mutation: Your mind is acute. (Int +2) [potion of beneficial mutation]
 75651 | Tomb:1   | Paralysed by a sphinx for 6 turns
 75660 | Tomb:1   | Paralysed by a sphinx for 2 turns
 75693 | Tomb:1   | Paralysed by a sphinx for 3 turns
 76195 | Tomb:1   | Noticed a greater mummy
 76205 | Tomb:1   | Killed a greater mummy
 76747 | Tomb:1   | Reached skill level 26 in Unarmed Combat
 76851 | Tomb:2   | Noticed a greater mummy
 76851 | Tomb:2   | Noticed a greater mummy
 76852 | Tomb:2   | Noticed a greater mummy
 76855 | Tomb:2   | Noticed a greater mummy
 77110 | Tomb:1   | Killed a greater mummy
 77118 | Tomb:1   | Killed a greater mummy
 77197 | Tomb:2   | Killed a greater mummy
 77206 | Tomb:2   | Killed a greater mummy
 78515 | Tomb:2   | HP: 14/302 [guardian mummy's death curse (36)]
 78515 | Tomb:2   | Mangled by a reaper

Vault maps used:
D:1:      dpeg_arrival_orchard
D:2:      first_bread, minmay_tripent, uniq_natasha, uniq_terence, uniq_iyjb
D:3:      ashenzari_conservatory_becter, elyvilon_altar_5, portal_sewer_entry_f,
          serial_curves, eino_curves_03, eino_curves_03, eino_curves_04,
          ecumenical_altar_1
D:5:      bloody_trog, serial_shops, shop, guppyfry_early_orc_mine
D:6:      grunt_temple_overflow_open, okawaru_metal_pillars_1_2
D:7:      uniq_menkaure
D:8:      nicolae_overflow_crystal_walls, nicolae_overflow_hidden_temple,
          nicolae_dithmenos_shadow_blocks, due_lair_maze_entry_diamond
D:9:      led_sif_book, eat_drink_and_be_merry_uskayaw, grunt_qazlal_clouds,
          enter_bailey_2, hangedman_pestilent_swarm, minivault_5
D:10:     serial_shops, nicolae_shop_stone, uniq_maurice, uniq_harold
D:11:     kennysheep_orc_monster_closet_entryway, basic_altar, uniq_grum
D:12:     special_room, serial_shops, shop, uniq_fannar
D:13:     erik_vaults_2
D:14:     evilmike_library_of_no_secrets, minmay_misc_feat_tower
D:15:     gammafunk_enter_depths_forms, minivault_28, uniq_kirke
Temple:   nicolae_temple_figure_zero
Lair:1:   nicolae_quartered_pool_super, grunt_megastairs_3
Lair:2:   lemuel_fruit_tree
Lair:3:   mu_elephants_graveyard, minmay_snake_entry_guardpost_small,
          nicolae_volcano_entry_hallway, lemuel_old_faithful
Lair:4:   minmay_swamp_entry_worms
Lair:5:   lemuel_fruit_fields
Lair:6:   grunt_lair_end_beastmaster, slime_altar_1,
          grunt_forest_large_clearing_hut
Swamp:1:  infiniplex_staircase_pool
Swamp:2:  evilmike_swamp_ruin_house_2, uniq_frances
Swamp:3:  evilmike_swamp_ruin_house_1
Swamp:4:  swamp_basic_johnstein
Snake:2:  spider_trap, uniq_vashnia, uniq_asterion
Snake:3:  grunt_ministairs_12
Snake:4:  snake_pit
Orc:2:    st_orc_ogre_mass, serial_shops, shop, guppyfry_library_mini
Elf:1:    minmay_elf_arrival_summoners, kennysheep_underground_church,
          nicolae_elf_glass_and_crystal_pillar_2
Elf:2:    serial_shops, shop
Elf:3:    grunt_elf_hall_spiral
Vaults:1: ontoclasm_vaults_decontamination,
          vaults_standard_mumra_enter_the_diamond, hangedman_vaults_trim,
          hangedman_vaults_trim, hangedman_vaults_nodes,
          grunt_vaults_hallway_long, hangedman_vaults_variations,
          ontoclasm_vaults_spin, vaults_mumra_chevron_long, vaults_room_hallway,
          serial_shops, nicolae_shop_stone
Vaults:2: ontoclasm_vaults_idyll, minmay_crypt_entry_vampire_xt,
          grunt_vaults_bifocal, nicolae_vaults_network_periphery,
          v_alt_pattern_5, nicolae_vaults_rhombus_6, ontoclasm_vaults_idyll,
          nicolae_vaults_little_squares_5, nicolae_vaults_little_squares_2,
          nicolae_vaults_alarming, serial_shops, bzr_in_the_mist, shop_statue,
          shop, nicolae_shop_waterfront, shop, uniq_jorgrun, uniq_saint_roka
Vaults:3: hangedman_vaults_trim, st_octagons_2, hangedman_vaults_snaps,
          vaults_room_grid, nicolae_vaults_network_barrier, v_misc_17, v_misc_8,
          nicolae_vaults_little_squares_6, nicolae_vaults_shelves_hall,
          vaults_room_mumra_shop_pool, hangedman_vaults_trim, serial_shops, shop
Vaults:4: vaults_room_fancy_cross, nicolae_vaults_ring_of_whatevers,
          vaults_dpeg_diagonal, grunt_vaults_swirl, vaults_mumra_chevron,
          ontoclasm_vaults_eye, serial_shops, shop, uniq_donald
Vaults:5: serial_shops, uniq_mennas, uniq_margery
Crypt:1:  lightli_enter_wizlab_magi_temple, grunt_ministairs_6,
          hangedman_blasphemy, grunt_crypt_arrival_split
Crypt:3:  cryptofortress_bobbens
Tomb:1:   uniq_frederick
Depths:1: nicolae_sextant, hell_entry, uniq_mara
Depths:2: evilmike_wizard_prison, abyss_entry_flame_altar, minmay_misc_feat_chi,
          grunt_hell_entry_dis_mu, enter_trove_5, xom_teletrap_fun,
          infiniplex_staircase_pillars_1
Depths:3: wad_lake_hut, enter_ziggurat_f, pan_entry, serial_shops,
          kennysheep_mini, shop, nicolae_shop_behind_doors,
          nicolae_shop_overgrown_old_shop, pf_hell_entry_tar_spiral,
          minmay_misc_feat_cross, uniq_aizul, uniq_jory, uniq_sojobo
Depths:4: lemuel_troll_bridge, hell_entry, minmay_room_of_horrors,
          evilmike_ruin_ashenzari, st_stairs_6, infiniplex_staircase_zigzag_4
Depths:5: grunt_zot_entry_hairpin, grunt_decor_cap, grunt_pan_entry_sceptre,
          hell_entry
Abyss:1:  evilmike_abyss_exit_11
Abyss:2:  minivault_24
Abyss:3:  evilmike_abyss_exit_15, hangedman_abyss_batty_box
Bazaar:   bazaar_minmay_cross
Sewer:    kennysheep_door_sewer
Bailey:   bailey_polearm_5, bailey
Volcano:  volcano_village
WizLab:   wizlab_lehudib

Skill      XL: |  1  2  3  4  5  6  7  8  9 10 11 12 13 14 15 16 17 18 19 20 21 22 23 24 25 26 27 |
---------------+----------------------------------------------------------------------------------+-----
Unarmed Combat | 4 5 6 7 8 9 10 11 13 14 16 17 18 19 20 21 22 23 24 25 26 | 26.2
Dodging        | 3 4 6 7 8 9 10 12 13 | 13.2
Fighting       | 3 4 6 7 9 10 11 12 13 14 15 16 17 18 19 20 21 22 | 22.7
Throwing       | 3 4 6 8 10 12 14 15 17 18 | 18.0
Armour         | 4 6 8 9 11 13 14 | 14.3
Stealth        | 0 |  0.0
Translocations | 2 4 |  4.0
Spellcasting   | 2 |  2.2
Charms         | 2 |  2.4
Air Magic      | 2 |  2.5

Action                   |  1- 3 |  4- 6 |  7- 9 | 10-12 | 13-15 | 16-18 | 19-21 | 22-24 | 25-27 || total
-------------------------+-------+-------+-------+-------+-------+-------+-------+-------+-------++-------
Melee: Unarmed           |    73 |   156 |   267 |   938 |  1221 |  1765 |  1889 |  1662 |  2055 || 10026
       Punch             |       |     4 |     8 |    75 |   101 |   125 |   161 |   183 |   246 ||   903
       Flail             |       |       |       |     3 |       |       |       |       |       ||     3
 Fire: Blowgun           |       |       |       |     8 |       |       |       |     8 |       ||    16
Throw: Tomahawk          |       |       |       |     9 |       |       |       |       |       ||     9
       Large rock        |       |       |       |       |    32 |    28 |    28 |    11 |     7 ||   106
       Throwing net      |       |       |       |       |     2 |       |       |       |       ||     2
 Cast: Repel Missiles    |       |       |       |       |     1 |       |       |       |       ||     1
Invok: Sacrifice Love    |       |       |     1 |       |       |       |       |       |       ||     1
       Sacrifice Arcana  |       |       |       |     1 |       |       |       |       |       ||     1
       Draw Out Power    |       |       |       |     1 |       |     2 |     2 |     1 |     4 ||    10
       Sacrifice Essence |       |       |       |     1 |       |       |       |       |       ||     1
       Sacrifice Stealth |       |       |       |     1 |       |       |       |       |       ||     1
       Reject Sacrifices |       |       |       |     1 |       |       |       |       |       ||     1
       Power Leap        |       |       |       |       |     1 |       |     1 |       |     1 ||     3
       Sacrifice Artific |       |       |       |       |     1 |       |       |       |       ||     1
       Apocalypse        |       |       |       |       |     1 |     3 |     6 |     3 |     2 ||    15
Evoke: Wand              |       |       |       |     2 |       |       |       |       |       ||     2
  Use: Scroll            |     5 |     3 |     3 |    17 |    11 |     7 |    20 |    11 |    11 ||    88
       Potion            |       |       |       |     6 |     4 |     3 |     4 |    12 |    13 ||    42
 Stab: Sleeping          |     2 |     4 |     1 |       |       |       |       |       |       ||     7
       Invisible         |       |       |       |     4 |     7 |    23 |    15 |    20 |    13 ||    82
       Distracted        |       |       |       |     2 |     6 |    18 |     8 |     5 |    16 ||    55
       Paralysed         |       |       |       |       |    11 |    16 |    18 |    13 |    13 ||    71
       Petrified         |       |       |       |       |     4 |       |       |       |       ||     4
       Petrifying        |       |       |       |       |       |       |       |       |     4 ||     4
  Eat: Chunk             |    11 |    19 |    33 |    82 |   116 |    77 |   133 |    99 |    47 ||   617
       Bread ration      |       |       |       |       |       |     5 |     2 |       |     8 ||    15
       Pizza             |       |       |       |       |       |     3 |       |       |     1 ||     4
       Meat ration       |       |       |       |       |       |     2 |     2 |     1 |     4 ||     9
       Fruit             |       |       |       |       |       |       |     1 |       |     4 ||     5
       Beef jerky        |       |       |       |       |       |       |       |     1 |     2 ||     3
       Royal jelly       |       |       |       |       |       |       |       |       |     1 ||     1
Armor: Robe              |    35 |    22 |       |       |       |       |       |       |       ||    57
       Troll hide        |       |    35 |    22 |       |       |       |       |       |       ||    57
       Animal skin       |       |       |    53 |    88 |       |       |       |       |       ||   141
       Steam dragon armo |       |       |       |   157 |       |       |       |       |       ||   157
       Fire dragon armou |       |       |       |   187 |   129 |       |       |       |       ||   316
       Storm dragon armo |       |       |       |       |   537 |       |       |       |       ||   537
       Gold dragon armou |       |       |       |       |   101 |  1195 |   926 |   898 |   959 ||  4079
Dodge: Dodged            |    52 |    77 |   126 |   721 |   590 |   655 |   790 |   924 |  1086 ||  5021
       Deflected         |       |       |       |       |     2 |       |       |       |       ||     2
Block: Other             |       |       |       |       |       |    58 |   153 |   137 |    93 ||   441
       Reflection        |       |       |       |       |       |     4 |     9 |    14 |       ||    27
